details: 'ud towers lol'

« prev index next »

General information

Mini Map

Players

team 1
Humaneuneuneun (blue | 76 APM | 1722 actions | 22:48)
Hero icon 4 Paladin
Ability icon 2 Holy Light
Ability icon 2 Divine Shield

» actions
Assign group hotkey28
Basic commands184
Build / train119
Enter build submenu29
Enter hero's abilities submenu4
Give item / drop item4
Right click434
Select / deselect299
Select group hotkey515
Use ability106
1722 total
» units
Peasant29
Footman36
Mortar Team10
75 total
» upgrades
Masonry2
2 total
» buildings
Altar of Kings2
Farm8
Barracks2
Scout Tower12
Arcane Tower6
Arcane Vault3
Lumber Mill1
Keep1
Guard Tower3
Town Hall1
Blacksmith1
Workshop4
44 total
» build order
00:10 Altar of Kings
00:21 Farm
00:25 Barracks
01:00 Farm
01:30 Scout Tower
01:43 Farm
01:59 Arcane Tower
02:00 Arcane Tower
03:05 Farm
03:34 Arcane Vault
04:06 Lumber Mill
04:56 Scout Tower
05:01 Scout Tower
05:35 Scout Tower
05:36 Scout Tower
05:37 Scout Tower
05:39 Scout Tower
05:54 Keep
05:55 Guard Tower
06:05 Guard Tower
06:14 Arcane Tower
06:20 Town Hall
06:27 Arcane Vault
06:51 Scout Tower
07:59 Guard Tower
08:59 Barracks
12:40 Blacksmith
13:20 Workshop
13:21 Workshop
14:05 Workshop
16:27 Arcane Vault
18:42 Workshop
19:47 Scout Tower
19:49 Scout Tower
19:49 Scout Tower
19:51 Scout Tower
20:55 Arcane Tower
20:56 Arcane Tower
21:05 Farm
21:06 Farm
21:08 Farm
21:08 Farm
22:16 Altar of Kings
» items
Scroll of Regeneration5
Lesser Clarity Potion7
Potion of Mana4
Potion of Healing5
Ivory Tower3
24 total
team 2
Undeadnimaq (red | 72 APM | 1649 actions | 22:50)
Hero icon 5 Death Knight
Ability icon 3 Death Coil
Ability icon 1 Unholy Aura
Ability icon 1 Death Pact
Hero icon 4 Lich
Ability icon 2 Frost Armor
Ability icon 2 Frost Nova

» actions
Assign group hotkey21
Basic commands10
Build / train55
ESC pressed1
Enter build submenu20
Enter hero's abilities submenu9
Give item / drop item1
Right click735
Select / deselect262
Select group hotkey444
Use ability91
1649 total
» units
Acolyte16
Ghoul4
Crypt Fiend6
Obsidian Statue3
Meatwagon4
33 total
» upgrades
Creature Carapace1
1 total
» buildings
Graveyard1
Crypt1
Altar of Darkness1
Ziggurat10
Tomb of Relics1
Halls of the Dead1
Slaughterhouse3
Nerubian Tower1
Spirit Tower3
Necropolis1
23 total
» build order
00:06 Graveyard
00:11 Crypt
00:46 Altar of Darkness
00:58 Ziggurat
01:35 Tomb of Relics
02:05 Ziggurat
03:32 Halls of the Dead
04:24 Ziggurat
06:36 Ziggurat
06:38 Ziggurat
06:42 Slaughterhouse
08:01 Ziggurat
08:02 Ziggurat
08:07 Ziggurat
08:57 Nerubian Tower
10:05 Spirit Tower
13:09 Ziggurat
13:22 Slaughterhouse
14:59 Spirit Tower
15:47 Slaughterhouse
16:15 Ziggurat
20:18 Necropolis
20:45 Spirit Tower
» items
Rod of Necromancy2
Sacrificial Skull1
Potion of Healing2
5 total